TOP OF THE 1ST |
Vista Panthers batting - Pitching for So Cal Henvy : RHP Marty Burgess
|
Pitching: RHP Marty Burgess
|
|
Batting: LHB Bob Cunningham
|
0-0: Ball 1-0: Ball 2-0: Bunt missed! 2-1: Fly out, F4 (Popup, 4S)
|
Batting: LHB Patrick Osborne
|
0-0: Called Strike 0-1: SINGLE (Groundball, 34D)
|
Batting: LHB Brent Alonzo
|
0-0: Swinging Strike 0-1: Ball 1-1: Ball 2-1: Fly out, F9 (Line Drive, 9D)
|
Batting: SHB Mark Wells
|
0-0: Called Strike Patrick Osborne steals 2nd base 0-1: Ball 1-1: Ball 2-1: Ball 3-1: Base on Balls
|
Batting: RHB Phil Matthews
|
0-0: Called Strike 0-1: Swinging Strike 0-2: SINGLE (Groundball, 56D) Patrick Osborne to third Mark Wells to second Runner from 3rd tries for Home, SAFE, no throw
|
Batting: LHB Francisco Marino
|
0-0: Called Strike 0-1: Ball 1-1: SINGLE (Groundball, 6M) (infield hit) Mark Wells to third Phil Matthews to second
|
Batting: RHB Justin Burgess
|
0-0: Foul Ball, location: 2F 0-1: Ball 1-1: Called Strike 1-2: Fielders Choice at 2nd, 6-4 (Groundball, 6)
|
Top of the 1st over - 1 run(s), 3 hit(s), 0 error(s), 2 left on base; Vista 1 - So Cal 0 |
BOTTOM OF THE 1ST |
So Cal Henvy batting - Pitching for Vista Panthers : RHP Dave Jackson
|
Pitching: RHP Dave Jackson
|
|
Batting: RHB Greg Handrahan
|
0-0: Called Strike 0-1: Ball 1-1: Called Strike 1-2: Ball 2-2: Foul Ball, location: 2F 2-2: Foul Ball, location: 2F 2-2: Fly out, F8 (Line Drive, 8RM)
|
Batting: RHB William Richardson
|
0-0: Called Strike 0-1: Foul Ball, location: 2F 0-2: Ball 1-2: Foul Ball, location: 2F 1-2: Ball 2-2: Ball 3-2: SINGLE (Groundball, 4MD)
|
Batting: LHB César Valentín
|
0-0: Called Strike 0-1: Ball 1-1: Ball 2-1: Ball 3-1: Foul Ball, location: 2F 3-2: Ground out 4-3 (Groundball, 34D) William Richardson to second
|
Batting: RHB Earl Wiggins
|
0-0: Called Strike 0-1: Ball 1-1: Foul Ball, location: 2F 1-2: Strikes out swinging
|
Bottom of the 1st over - 0 run(s), 1 hit(s), 0 error(s), 1 left on base; Vista 1 - So Cal 0 |
TOP OF THE 2ND |
Vista Panthers batting - Pitching for So Cal Henvy : RHP Marty Burgess
|
Batting: RHB Roberto Cruz
|
0-0: Ball 1-0: Foul Ball, location: 2F 1-1: Called Strike 1-2: Strikes out swinging
|
Batting: RHB Cisco Gatán
|
0-0: Ball 1-0: DOUBLE (Line Drive, 7LM)
|
Batting: LHB Bob Cunningham
|
0-0: Ball 1-0: Foul Ball, location: 2F 1-1: Foul Ball, location: 2F 1-2: Ball 2-2: Strikes out swinging
|
Batting: LHB Patrick Osborne
|
0-0: Foul Ball, location: 2F 0-1: SINGLE (Line Drive, 4M) Cisco Gatán to third Runner from 3rd tries for Home, SAFE, throw made home Patrick Osborne to second
|
Batting: LHB Brent Alonzo
|
0-0: DOUBLE (Flyball, 8LXD) Patrick Osborne scores
|
Batting: SHB Mark Wells
|
0-0: Called Strike 0-1: Ball 1-1: Ball 2-1: Foul Ball, location: 2F 2-2: Foul Ball, location: 2F 2-2: Fly out, F7 (Flyball, 7LSF)
|
Top of the 2nd over - 2 run(s), 3 hit(s), 0 error(s), 1 left on base; Vista 3 - So Cal 0 |
BOTTOM OF THE 2ND |
So Cal Henvy batting - Pitching for Vista Panthers : RHP Dave Jackson
|
Batting: RHB Rubén Calderón
|
0-0: Ball 1-0: Ground out 1-3 (Groundball, 15S)
|
Batting: RHB Lawrence Schroeder
|
0-0: Called Strike 0-1: SINGLE (Line Drive, 9LS)
|
Batting: LHB Doyle Otterburn
|
0-0: Ball 1-0: Called Strike 1-1: DOUBLE (Flyball, 7D) Lawrence Schroeder to third
|
Batting: RHB Wilson López
|
0-0: Swinging Strike 0-1: Foul Ball, location: 2F 0-2: Strikes out swinging
|
Batting: RHB Morgan Gibbon
|
0-0: Foul Ball, location: 2F 0-1: Swinging Strike 0-2: Ball 1-2: Strikes out looking
|
Bottom of the 2nd over - 0 run(s), 2 hit(s), 0 error(s), 2 left on base; Vista 3 - So Cal 0 |
TOP OF THE 3RD |
Vista Panthers batting - Pitching for So Cal Henvy : RHP Marty Burgess
|
Batting: RHB Phil Matthews
|
0-0: Ball 1-0: SINGLE (Line Drive, 6MS) (infield hit)
|
Batting: LHB Francisco Marino
|
0-0: Foul Ball, location: 2F 0-1: Called Strike 0-2: Foul Ball, location: 2F 0-2: Ball 1-2: Ball 2-2: Strikes out swinging
|
Batting: RHB Justin Burgess
|
0-0: Called Strike 0-1: Fly out, F9 (Flyball, 89D)
|
Batting: RHB Roberto Cruz
|
0-0: Called Strike Phil Matthews steals 2nd base 0-1: SINGLE (Line Drive, 8LS) Phil Matthews to third Runner from 3rd tries for Home, SAFE, no throw
|
Batting: RHB Cisco Gatán
|
0-0: Ball 1-0: Foul Ball, location: 2F 1-1: Ball 2-1: Called Strike 2-2: Ball 3-2: Foul Ball, location: 2F 3-2: Fly out, F5 (Line Drive, 5)
|
Top of the 3rd over - 1 run(s), 2 hit(s), 0 error(s), 1 left on base; Vista 4 - So Cal 0 |
BOTTOM OF THE 3RD |
So Cal Henvy batting - Pitching for Vista Panthers : RHP Dave Jackson
|
Batting: RHB Greg Handrahan
|
0-0: Called Strike 0-1: Ball 1-1: SINGLE (Groundball, 34D)
|
Batting: RHB William Richardson
|
0-0: Swinging Strike 0-1: Ball 1-1: Swinging Strike 1-2: Strikes out looking
|
Batting: LHB César Valentín
|
0-0: Ball 1-0: Called Strike 1-1: Ball 2-1: Foul Ball, location: 2F 2-2: SINGLE (Groundball, 56S) (infield hit) Greg Handrahan to second
|
Batting: RHB Earl Wiggins
|
0-0: Ball 1-0: Ball 2-0: Grounds into double play, 5-4-3 (Groundball, 56)
|
Bottom of the 3rd over - 0 run(s), 2 hit(s), 0 error(s), 1 left on base; Vista 4 - So Cal 0 |
TOP OF THE 4TH |
Vista Panthers batting - Pitching for So Cal Henvy : RHP Marty Burgess
|
Batting: LHB Bob Cunningham
|
0-0: Fly out, F8 (Line Drive, 89D)
|
Batting: LHB Patrick Osborne
|
0-0: Fly out, F7 (Flyball, 7S)
|
Batting: LHB Brent Alonzo
|
0-0: Called Strike 0-1: Ground out 4-3 (Groundball, 4)
|
Top of the 4th over - 0 run(s), 0 hit(s), 0 error(s), 0 left on base; Vista 4 - So Cal 0 |
BOTTOM OF THE 4TH |
So Cal Henvy batting - Pitching for Vista Panthers : RHP Dave Jackson
|
Batting: RHB Rubén Calderón
|
0-0: Ground out U3 (Groundball, 34)
|
Batting: RHB Lawrence Schroeder
|
0-0: Ball 1-0: Ground out 4-3 (Groundball, 4)
|
Batting: LHB Doyle Otterburn
|
0-0: Ball 1-0: Called Strike 1-1: Swinging Strike 1-2: Strikes out swinging
|
Bottom of the 4th over - 0 run(s), 0 hit(s), 0 error(s), 0 left on base; Vista 4 - So Cal 0 |
TOP OF THE 5TH |
Vista Panthers batting - Pitching for So Cal Henvy : RHP Marty Burgess
|
Batting: SHB Mark Wells
|
0-0: Called Strike 0-1: Ball 1-1: Foul Ball, location: 2F 1-2: Ball 2-2: Ground out 5-3 (Groundball, 56D)
|
Batting: RHB Phil Matthews
|
0-0: Called Strike 0-1: Ground out 6-3 (Groundball, 6)
|
Batting: LHB Francisco Marino
|
0-0: Called Strike 0-1: Ball 1-1: Called Strike 1-2: Strikes out swinging
|
Top of the 5th over - 0 run(s), 0 hit(s), 0 error(s), 0 left on base; Vista 4 - So Cal 0 |
BOTTOM OF THE 5TH |
So Cal Henvy batting - Pitching for Vista Panthers : RHP Dave Jackson
|
Batting: RHB Wilson López
|
0-0: Foul Ball, location: 2F 0-1: Ball 1-1: Swinging Strike 1-2: Fly out, F8 (Flyball, 8RXD)
|
Batting: RHB Morgan Gibbon
|
0-0: Ball 1-0: Ball 2-0: SINGLE (Line Drive, 4MD)
|
Batting: RHB Greg Handrahan
|
0-0: Swinging Strike 0-1: Called Strike 0-2: Strikes out swinging
|
Batting: RHB William Richardson
|
0-0: Ball 1-0: Called Strike 1-1: Fielders Choice at 2nd, 4-6 (Groundball, 4)
|
Bottom of the 5th over - 0 run(s), 1 hit(s), 0 error(s), 0 left on base; Vista 4 - So Cal 0 |
TOP OF THE 6TH |
Vista Panthers batting - Pitching for So Cal Henvy : RHP Marty Burgess
|
Batting: RHB Justin Burgess
|
0-0: Swinging Strike 0-1: Foul Ball, location: 2F 0-2: Foul Ball, location: 2F 0-2: Foul Ball, location: 2F 0-2: Ball 1-2: Strikes out swinging
|
Batting: RHB Roberto Cruz
|
0-0: Swinging Strike 0-1: Foul Ball, location: 2F 0-2: Ball 1-2: Ball 2-2: SINGLE (Line Drive, 56D)
|
Batting: RHB Cisco Gatán
|
0-0: Ball 1-0: Ball 2-0: Ball 3-0: Base on Balls Roberto Cruz to second
|
Batting: LHB Bob Cunningham
|
0-0: Ball 1-0: Ball 2-0: Called Strike 2-1: Ball 3-1: Grounds into double play, 4-6-3 (Groundball, 4)
|
Top of the 6th over - 0 run(s), 1 hit(s), 0 error(s), 1 left on base; Vista 4 - So Cal 0 |
BOTTOM OF THE 6TH |
So Cal Henvy batting - Pitching for Vista Panthers : RHP Dave Jackson
|
Batting: LHB César Valentín
|
0-0: Ball 1-0: Foul Ball, location: 2F 1-1: Ball 2-1: Foul Ball, location: 2F 2-2: Fly out, F7 (Flyball, 7)
|
Batting: RHB Earl Wiggins
|
0-0: Called Strike 0-1: Ball 1-1: Called Strike 1-2: Foul Ball, location: 2F 1-2: SINGLE (Flyball, 8LS)
|
Batting: RHB Rubén Calderón
|
0-0: DOUBLE (Line Drive, 9LS) Earl Wiggins to third
|
Batting: RHB Lawrence Schroeder
|
0-0: Called Strike 0-1: Ball 1-1: Called Strike 1-2: Strikes out swinging
|
Batting: LHB Doyle Otterburn
|
0-0: Ball 1-0: Swinging Strike 1-1: Ball 2-1: Called Strike 2-2: Ground out 3-1 (Groundball, 34)
|
Bottom of the 6th over - 0 run(s), 2 hit(s), 0 error(s), 2 left on base; Vista 4 - So Cal 0 |
TOP OF THE 7TH |
Vista Panthers batting - Pitching for So Cal Henvy : RHP Marty Burgess
|
Pitching: RHP Masahiko Okada
|
|
Batting: LHB Patrick Osborne
|
0-0: Ball 1-0: Foul Ball, location: 2F 1-1: Ball 2-1: Ball 3-1: Ground out 1-3 (Groundball, 13)
|
Batting: LHB Brent Alonzo
|
0-0: Called Strike 0-1: Ball 1-1: Ball 2-1: Called Strike 2-2: Foul Ball, location: 2F 2-2: Foul Ball, location: 2F 2-2: Ball 3-2: Foul Ball, location: 2F 3-2: Strikes out swinging
|
Batting: SHB Mark Wells
|
0-0: Called Strike 0-1: Swinging Strike 0-2: Strikes out looking
|
Top of the 7th over - 0 run(s), 0 hit(s), 0 error(s), 0 left on base; Vista 4 - So Cal 0 |
BOTTOM OF THE 7TH |
So Cal Henvy batting - Pitching for Vista Panthers : RHP Dave Jackson
|
Pitching: RHP José Betancourt
|
|
Batting: RHB Wilson López
|
0-0: Called Strike 0-1: SOLO HOME RUN (Flyball, 8LXD), Distance : 428 ft
|
Batting: RHB Morgan Gibbon
|
0-0: Ball 1-0: Ball 2-0: Ball 3-0: Called Strike 3-1: Ground out 5-3 (Groundball, 56)
|
Batting: RHB Greg Handrahan
|
0-0: Called Strike 0-1: Called Strike 0-2: Ball 1-2: SINGLE (Groundball, 6MD)
|
Batting: RHB William Richardson
|
0-0: Ball 1-0: Foul Ball, location: 2F 1-1: Ball 2-1: Foul Ball, location: 2F 2-2: Ball 3-2: Fly out, F6 (Popup, 6D)
|
Batting: LHB César Valentín
|
0-0: Ball 1-0: Called Strike Pickoff Throw to First - Error! E1 Greg Handrahan to second 1-1: Ground out 5-3 (Groundball, 5)
|
Bottom of the 7th over - 1 run(s), 2 hit(s), 1 error(s), 1 left on base; Vista 4 - So Cal 1 |
TOP OF THE 8TH |
Vista Panthers batting - Pitching for So Cal Henvy : RHP Masahiko Okada
|
Batting: RHB Phil Matthews
|
0-0: Ball 1-0: Ball 2-0: Ground out 6-3 (Groundball, 6)
|
Batting: LHB Francisco Marino
|
0-0: Called Strike 0-1: Ball 1-1: Called Strike 1-2: TRIPLE (Line Drive, 8RD)
|
Batting: RHB Justin Burgess
|
0-0: Swinging Strike 0-1: Ball 1-1: SINGLE (Flyball, 8RS) Francisco Marino scores
|
Batting: RHB Roberto Cruz
|
0-0: Swinging Strike 0-1: Ball 1-1: Foul Ball, location: 2F 1-2: Ball 2-2: Strikes out swinging
|
Batting: RHB Cisco Gatán
|
0-0: Called Strike 0-1: Fielders Choice at 2nd, 6-4 (Groundball, 6)
|
Top of the 8th over - 1 run(s), 2 hit(s), 0 error(s), 0 left on base; Vista 5 - So Cal 1 |
BOTTOM OF THE 8TH |
So Cal Henvy batting - Pitching for Vista Panthers : RHP José Betancourt
|
Batting: RHB Earl Wiggins
|
0-0: Ground out 6-3 (Groundball, 6)
|
Batting: RHB Rubén Calderón
|
0-0: Ball 1-0: Fly out, F8 (Flyball, 8LD)
|
Batting: RHB Lawrence Schroeder
|
0-0: Ball 1-0: Foul Ball, location: 2F 1-1: Swinging Strike 1-2: Strikes out looking
|
Bottom of the 8th over - 0 run(s), 0 hit(s), 0 error(s), 0 left on base; Vista 5 - So Cal 1 |
TOP OF THE 9TH |
Vista Panthers batting - Pitching for So Cal Henvy : RHP Masahiko Okada
|
Batting: LHB Bob Cunningham
|
0-0: Ground out 4-3 (Groundball, 4)
|
Batting: LHB Patrick Osborne
|
0-0: Ball 1-0: Foul Ball, location: 2F 1-1: Ground out 6-3 (Groundball, 6M)
|
Batting: LHB Brent Alonzo
|
0-0: Ball 1-0: Ball 2-0: SINGLE (Line Drive, 9S)
|
Batting: SHB Mark Wells
|
0-0: DOUBLE (Line Drive, 8LD) Brent Alonzo to third
|
Batting: RHB Phil Matthews
|
0-0: Called Strike 0-1: Ball 1-1: Called Strike 1-2: Ground out 6-3 (Groundball, 6M)
|
Top of the 9th over - 0 run(s), 2 hit(s), 0 error(s), 2 left on base; Vista 5 - So Cal 1 |
BOTTOM OF THE 9TH |
So Cal Henvy batting - Pitching for Vista Panthers : RHP José Betancourt
|
Batting: LHB Doyle Otterburn
|
0-0: Ball 1-0: Ball 2-0: Reached on error, E3 (Groundball, 34S)
|
Batting: RHB Wilson López
|
0-0: Ball 1-0: Foul Ball, location: 2F 1-1: Called Strike 1-2: Foul Ball, location: 2F 1-2: Foul Ball, location: 2F 1-2: Fly out, F6 (Popup, 4MD)
|
Batting: RHB Morgan Gibbon
|
0-0: Called Strike 0-1: Ball 1-1: Called Strike 1-2: Grounds into double play, 4-6-3 (Groundball, 4)
|
Bottom of the 9th over - 0 run(s), 0 hit(s), 1 error(s), 0 left on base; Vista 5 - So Cal 1 |
|